 Dungeon Crawl Stone Soup version 0.31-a0-876-gfe8ebadbca (webtiles) character file.

Game seed: 16134088460144441103

63 Xavori the Cutter (level 4, 0/31 HPs)
             Began as an Octopode Chaos Knight on Oct 13, 2023.
             Was a Plaything of Xom.
             Slain by a +3 spectral club (8 damage)
             ... created by Ijyb
             ... on level 3 of the Dungeon.
             The game lasted 00:02:19 (11046 turns).

Xavori the Cutter (Octopode Chaos Knight)          Turns: 11046, Time: 00:02:21

Health: 0/31       AC:  1    Str:  8 (10) XL:     4   Next: 10%
Magic:  4/4        EV: 13    Int:  8 (13) God:    Xom [....*.]
Gold:   117        SH:  4    Dex: 15 (17) Spells: 3/3 levels left

rFire   . . .        a - +0 short sword (chaos)
rCold   . . .        f - +0 buckler
rNeg    . . .        (helmet restricted)
rPois   .            (no amulet)
rElec   +            (no ring)
rCorr   .            (no ring)
SInv    .            (no ring)
Will    .....        (no ring)
Stlth   +++          (no ring)
HPRegen 0.25/turn    (no ring)
MPRegen 0.09/turn    (no ring)
                     (no ring)

%: no passive effects
@: no status effects
A: almost no armour, amphibious, 8 rings, camouflage 1, gelatinous body 1,
(nimble swimmer 1), tentacles, tentacle spike 1, agile 1, deterioration 2,
electricity resistance, inability to drink after injury 1
a: Renounce Religion


You were on level 3 of the Dungeon.
You worshipped Xom.
You were a beloved toy of Xom.
You visited 1 branch of the dungeon, and saw 3 of its levels.

You collected 207 gold pieces.
You spent 90 gold pieces at shops.

Inventory:

Hand Weapons
 a - a +0 short sword of chaos (weapon)
Armour
 f - a +0 buckler (worn)
Wands
 j - a wand of digging (4)
Scrolls
 b - a scroll of butterflies
 d - 2 scrolls of vulnerability {unknown}
 e - 5 scrolls of identify {unknown}
 g - 4 scrolls of teleportation
 n - a scroll of enchant weapon {unknown}
Potions
 c - 2 potions of brilliance {unknown}
 h - 3 potions of curing {unknown}
 k - a potion of attraction {unknown}
 l - a potion of lignification {unknown}
 m - a potion of mutation {unknown}


   Skills:
 + Level 3.3 Fighting
 + Level 4.1 Short Blades
 + Level 2.5 Dodging
 + Level 2.3 Stealth


You had 3 spell levels left.
You didn't know any spells.
Your spell library contained the following spells:

 Spells                   Type           Power      Damage    Failure   Level
 Magic Dart               Conj           0%         1d3       56%         1
 Call Imp                 Summ           0%         N/A       71%         2
 Mephitic Cloud           Conj/Pois/Air  0%         N/A       91%         3


Dungeon Overview and Level Annotations

Branches:
Dungeon (3/15)

Altars:
Vehumet
Xom

Shops:
D:1 !!*?!

Annotations:
D:3 Grinder, Ijyb


Innate Abilities, Weirdness & Mutations

You cannot wear most types of armour.
You are amphibious.
You can wear up to eight rings at the same time.
Your skin changes colour to match your surroundings (Stealth+).
Your rubbery body absorbs attacks. (AC +1, EV +1)
((You are camouflaged when in or above water. (Stealth+)))
You have tentacles for arms and can constrict up to eight enemies at once.
One of your tentacles bears a spike.
You are agile. (Dex +4, Str/Int -1)
Your body often deteriorates upon taking damage.
You are resistant to electric shocks. (rElec)
You occasionally lose the ability to drink potions when taking damage.


Message History

Found a robe.
No target in view!
You see here a +0 robe.
Ijyb the Twisted Goblin comes into view.
She is wielding a +3 spectral club and carrying a wand of iceblast.
Ijyb is nearby!
Ijyb zaps a wand.
The mass of ice explodes!
The iceblast engulfs you!
A bat comes into view.
Ijyb hits you with a +3 spectral club.
Your body deteriorates!
You feel dopey.
The bat moves out of view.
You closely miss Ijyb. Your grab misses Ijyb.
Your tentacle spike misses Ijyb.
You closely miss Ijyb. Your grab misses Ijyb.
Xom complains about the scenery.
Several doors burst open!
Ijyb closely misses you. The +3 spectral club barely misses you.
Found an encrusted cabochon ring, a falchion and a robe.
A +3 spectral club comes into view.
Unknown command.
You barely miss Ijyb. Your grab misses Ijyb.
You pierce Ijyb.
Ijyb is lightly wounded.
You block Ijyb's attack. The +3 spectral club hits you.
Your body deteriorates!
You feel weakened.
You feel much better. The +3 spectral club hits you!
Your body deteriorates!
You feel dopey. The +3 spectral club hits you.
Your body deteriorates!
You feel dopey. Ijyb barely misses you. The +3 spectral club hits you!
* * * LOW HITPOINT WARNING * * *
Your body deteriorates!
You feel dopey. The +3 spectral club barely misses you.
You feel much better. The +3 spectral club hits you!
Your body deteriorates!
You feel clumsy.
You emit a cloud of colourful smoke!
You block the +3 spectral club's attack.
Ijyb hits you with a +3 spectral club.
* * * LOW HITPOINT WARNING * * *
Your body deteriorates!
You feel weakened. The +3 spectral club barely misses you.
The +3 spectral club hits you!
You die...
Xom laughs nastily!

###### ###....### ###
##########...##...# ..#
#...#...#.......#.# #.#
#.#...#.#.#...#.#.#
#.#####..###.....###......
.....#...#)#...§§#=#.####.
.........##'..§§@(# . .#
#.##.#..#...#####gb.# .
#.##.#....#.# .....#
#.##.#..†...+ ....##
#.##.#..[...# .....#
#.#..#..#...# ...#.#
..#.##...##+.. '##..#
###.###..# .# #[ ...
###.##...## .


You could see a +3 spectral club, Ijyb and a bat.

Vanquished Creatures
  2 adders
  2 worms (D:2)
  6 endoplasms
  2 goblins
  4 hobgoblins
  3 jackals (D:2)
  3 quokkas
  3 ball pythons
  7 bats
  2 frilled lizards (D:1)
  3 kobolds
  A rat (D:1)
38 creatures vanquished.

Notes
Turn   | Place    | Note
-------+----------+-------------------------------------------
     0 | D:1      | Xavori the Octopode Chaos Knight began the quest for the
                  | Orb.
     0 | D:1      | Reached XP level 1. HP: 16/16 MP: 1/1
    55 | D:1      | Found Myg Futo's Distillery.
   111 | D:1      | XOM: divination: detect creatures
   150 | D:1      | Found Olelidwo's Distillery.
   159 | D:1      | Found a faded altar of an unknown god.
   167 | D:1      | Reached XP level 2. HP: 14/21 MP: 2/2
   233 | D:1      | Found Ranustrydipa's Magic Scroll Shoppe.
   245 | D:1      | Found Xipiu's Assorted Antiques.
   264 | D:1      | Bought a scroll of teleportation for 30 gold pieces
   293 | D:1      | Found Maasit's Distillery.
   429 | D:1      | XOM: divination: detect items
   761 | D:1      | XOM: cloud trail
  1538 | D:1      | XOM: cloud trail
  1803 | D:1      | XOM: noise
  1980 | D:1      | XOM: divination: detect items
  3007 | D:1      | XOM: cloud trail
  3046 | D:1      | XOM: god gift: 5 stones
  3454 | D:1      | XOM: give mutations
  3454 | D:1      | Gained mutation: You are frail. (-10% HP) [Xom's mischief]
  3454 | D:1      | Gained mutation: You do not regenerate when monsters are
                  | visible. [Xom's mischief]
  3701 | D:1      | XOM: summons 2 hostile demons
  3990 | D:1      | XOM is BORED!
  3990 | D:1      | XOM: give mutations
  3990 | D:1      | Lost mutation: You are frail. (-10% HP) [Xom's mischief]
  3990 | D:1      | Gained mutation: You are resistant to electric shocks.
                  | (rElec) [Xom's mischief]
  3990 | D:1      | Gained mutation: Your body sometimes deteriorates upon
                  | taking damage. [Xom's mischief]
  4015 | D:1      | XOM: summons 1 hostile demon
  4272 | D:1      | XOM: give mutations
  4272 | D:1      | Gained mutation: You occasionally lose the ability to drink
                  | potions when taking damage. [Xom's mischief]
  4272 | D:1      | Gained mutation: Your body often deteriorates upon taking
                  | damage. [Xom's mischief]
  4272 | D:1      | Gained mutation: Your magical capacity is low. (-10% MP)
                  | [Xom's mischief]
  4292 | D:1      | XOM: give mutations
  4292 | D:1      | Lost mutation: You do not regenerate when monsters are
                  | visible. [Xom's mischief]
  4292 | D:1      | Lost mutation: Your magical capacity is low. (-10% MP)
                  | [Xom's mischief]
  4999 | D:1      | XOM: divination: magic mapping
  5054 | D:1      | XOM: scenery: 1 doors close
  5203 | D:1      | XOM: silly message
  5211 | D:1      | XOM: divination: detect creatures
  5229 | D:1      | XOM: give mutations
  5229 | D:1      | Gained mutation: You are agile. (Dex +4, Str/Int -1) [Xom's
                  | grace]
  5229 | D:1      | Gained mutation: One of your tentacles bears a spike.
                  | [Xom's grace]
  5376 | D:1      | XOM: scenery: 1 doors open
  5695 | D:1      | XOM is BORED!
  5695 | D:1      | XOM: noise
  5825 | D:1      | XOM: 1-stop teleportation journey
  5862 | D:2      | Reached skill level 1 in Stealth
  5862 | D:2      | Reached XP level 3. HP: 22/26 MP: 3/3
  6320 | D:1      | XOM: noise
  6796 | D:1      | XOM: god gift: 32 gold pieces
  6837 | D:1      | XOM is BORED!
  6837 | D:1      | XOM: summons 1 hostile shadow creature
  7721 | D:1      | XOM: god gift: 3 stones
  7739 | D:1      | XOM: silly message
  8218 | D:1      | XOM: cloud trail
  8465 | D:1      | XOM: god gift: embroidered robe {god gift}
  9774 | D:1      | XOM: scenery: create altars
  9993 | D:1      | XOM: scenery: summon butterflies
 10029 | D:1      | XOM: polymorph butterfly -> adder
 10097 | D:1      | Bought a potion of heal wounds for 60 gold pieces
 10688 | D:2      | XOM: scenery: 2 doors close
 10738 | D:3      | Reached skill level 4 in Short Blades
 10788 | D:3      | Reached XP level 4. HP: 31/31 MP: 4/4
 10901 | D:3      | Found a radiant altar of Vehumet.
 10967 | D:3      | XOM: 10-stop teleportation journey
 10984 | D:3      | Noticed Grinder
 10988 | D:3      | XOM: 6-stop teleportation journey
 11037 | D:3      | Noticed Ijyb
 11043 | D:3      | XOM: scenery: 3 doors open
 11046 | D:3      | XOM: smoke on damage
 11046 | D:3      | Slain by a +3 spectral club

Illustrated notes

Levels and vault maps discovered:
D:1:      eino_arrival_cavern_b, layout_basic, serial_shops,
          nicolae_shop_statue_plus, shop, nicolae_shop_real_fake_doors, shop,
          nicolae_shop_industrial_runoff, basic_ecumenical_altar,
          due_unseen_surprise
D:2:      layout_basic, serial_bayou_pond_c
D:3:      minmay_roachtagon, layout_loops_ring, amcnicky_altar_gilded,
          dk_noncrumbling_2, minmay_fractal_squares_diagonal_5, uniq_ijyb,
          uniq_grinder

Skill      XL: |  1  2  3 |
---------------+----------+-----
Stealth        | 1 2 |  2.3
Short Blades   | 4 |  4.1
Fighting       | |  3.3
Dodging        | |  2.5

Action                     |  1- 3 |  4- 6 || total
---------------------------+-------+-------++-------
  Melee: Short sword       |    80 |    13 ||    93
         Constrict         |    17 |     3 ||    20
         Tentacles         |    13 |     2 ||    15
         Punch             |     2 |       ||     2
         Kick              |     8 |     4 ||    12
    Use: Potion            |       |     2 ||     2
   Stab: Sleeping          |     6 |     1 ||     7
 Armour: Skin              |    20 |    10 ||    30
  Dodge: Dodged            |    40 |     9 ||    49
  Block: Buckler           |     5 |     2 ||     7

Table legend: (Time is in decaauts)
 A = Elapsed time spent in this place.
 B = Non-inter-level travel time spent in this place.
 C = Inter-level travel time spent in this place.
 D = Time resting spent in this place.
 E = Time spent auto-exploring this place.
 F = Levels seen in this place.
 G = Mean time per level.
                   A        B        C        D        E       F      G
               +--------+--------+--------+--------+--------+-----+--------+
         Total |  11037 |  10886 |    151 |   9315 |   1260 |   3 | 3679.0 |
       Dungeon |  11037 |  10886 |    151 |   9315 |   1260 |   3 | 3679.0 |
               +--------+--------+--------+--------+--------+-----+--------+

Top non-repeatable levels by time:
     D:1: 9871 daAuts
     D:2: 816 daAuts
     D:3: 349 daAuts
